 Dungeon Sprint DCSS version 0.22-a0-83-g218e7ff (webtiles) character file.

454005 theanonym the Conqueror (level 18, 182/182 HPs)
             Began as a Mummy Fighter on Jan 19, 2018.
             Was the Champion of Makhleb.
             Escaped with the Orb!
             The game lasted 00:14:43 (1496 turns).

theanonym the Conqueror (Mummy Fighter)             Turns: 1496, Time: 00:14:44

Health: 182/182    AC: 36    Str: 46    XL:     18   Next: 26%
Magic:  18/18      EV: 16    Int: 10    God:    Makhleb [******]
Gold:   0          SH: 34    Dex: 12    Spells: 17/17 levels left

rFire    + . .     SeeInvis +   s - +14 obsidian axe {chop, +Fly SInv *Curse} (curse)
rCold    + + +     Gourm    .   t - +18 shield of the Gong {rElec rN+ MR+ EV-5}
rNeg     + + +     Faith    +   q - +5 gold dragon scales {23 rF+ rC+ rPois}
rPois    ∞         Spirit   .   B - +0 mask of the Dragon {MR+ Slay+3 SInv}
rElec    +         Reflect  .   L - +0 cloak {rPois} {rPois}
rCorr    +         Harm     .   N - +0 pair of gloves {Str+3}
MR       +++++     NoTele   +   H - +0 pair of boots {Stlth+}
Stlth    ..........             D - amulet "Sud Fe Hatt" {Faith rC+ Str+9 Int+2}
HPRegen  0.40/turn              G - ring "Fokkoqis" {rCorr rPois rC+ MR+ Slay+2}
MPRegen  0.16/turn              K - ring "Bimaenir" {Wiz rF+ Str+8}

@: studying Shields
A: no food or potions, fire vulnerability, cold resistance 1, negative energy
resistance 3, torment resistance, unbreathing, in touch with death 1
0: Orb of Zot
a: Minor Destruction, Lesser Servant of Makhleb, Major Destruction, Greater
Servant of Makhleb, Renounce Religion, Evoke Flight


Innate Abilities, Weirdness & Mutations

You do not eat or drink.
Your flesh is vulnerable to fire.
You are immune to poison.
Your flesh is cold resistant. (rC+)
You are immune to negative energy. (rN+++)
You are immune to unholy pain and torment.
You can survive without breathing.
You are in touch with the powers of death.


   Skills:
 O Level 27 Fighting
 + Level 25.5 Axes
 + Level 24.6 Armour
 + Level 23.3 Dodging
 - Level 15.2 Shields


You had 17 spell levels left.
You didn't know any spells.

Skill      XL: |  1  2  3  4  5  6  7  8  9 10 11 12 13 14 15 16 17 18 |
---------------+-------------------------------------------------------+-----
Fighting       | 5 6 8 9 10 12 13 15 17 19 22 24 27 | 27.0
Axes           | 4 5 6 7 8 10 11 13 14 16 18 19 22 24 25 | 25.5
Armour         | 3 4 5 6 7 8 9 11 12 14 16 18 21 23 24 | 24.6
Shields        | 3 4 5 6 7 8 9 11 12 15 | 15.2
Dodging        | 7 12 19 22 23 | 23.3

Action                   |  1- 3 |  4- 6 |  7- 9 | 10-12 | 13-15 | 16-18 || total
-------------------------+-------+-------+-------+-------+-------+-------++-------
Melee: Broad axe         |     4 |    13 |    34 |    89 |   186 |   191 ||   517
 Stab: Distracted        |       |     1 |     1 |     4 |     1 |     8 ||    15
       Petrified         |       |       |       |     4 |       |       ||     4
Armor: Gold dragon scale |     4 |     5 |    10 |    65 |   125 |   113 ||   322
Dodge: Dodged            |     2 |       |     4 |    23 |    91 |    83 ||   203
Block: Shield            |     7 |    14 |    55 |   148 |   425 |   458 ||  1107

Inventory:

Hand Weapons
 a - a +0 war axe
 s - the cursed +14 obsidian axe (weapon) {chop, +Fly SInv *Curse}
   (You found it in the Dungeon)

   It inflicts extra damage upon your enemies.
   It lets you see invisible.
   It lets you fly.
   It curses itself when equipped.
   It has a curse placed upon it.
Armour
 c - a +0 shield
 d - a +0 scale mail {10}
 q - +5 gold dragon scales (worn) {23 rF+ rC+ rPois}
   (You found it in the Dungeon)
 t - the +18 shield of the Gong (worn) {rElec rN+ MR+ EV-5}
   (You found it in the Dungeon)

   It affects your evasion (-5).
   It insulates you from electricity.
   It protects you from negative energy.
   It affects your resistance to hostile enchantments.
 u - the +8 orange crystal plate armour {Archmagi, Int+3 Clar, 1823}
   (You found it in the Dungeon)

   It affects your intelligence (+3).
   It protects you against confusion.
 B - the +0 mask of the Dragon (worn) {MR+ Slay+3 SInv}
   (You found it in the Dungeon)

   It affects your accuracy and damage with ranged weapons and melee attacks
   (+3).
   It affects your resistance to hostile enchantments.
   It lets you see invisible.
 H - a +0 pair of boots of stealth (worn)
   (You found it in the Dungeon)
 I - a +0 pair of gloves of archery
   (You found it in the Dungeon)
 L - a +0 cloak of poison resistance (worn) {rPois}
   (You found it in the Dungeon)
 M - a +2 helmet of see invisible
   (You found it in the Dungeon)
 N - a +0 pair of gloves of strength (worn)
   (You found it in the Dungeon)
 O - a +1 cloak of invisibility
   (You took it off a draconian stormcaller in the Dungeon)
 Q - a +2 cloak
   (You took it off a draconian shifter in the Dungeon)
Jewellery
 i - a +6 ring of dexterity
   (You found it in the Dungeon)
 j - a +6 ring of dexterity
   (You found it in the Dungeon)
 k - a +6 ring of intelligence
   (You found it in the Dungeon)
 l - a +6 ring of intelligence
   (You found it in the Dungeon)
 m - a +6 ring of strength
   (You found it in the Dungeon)
 n - a +6 ring of strength
   (You found it in the Dungeon)
 w - the ring of Phasing {EV+8}
   (You found it in the Dungeon)

   [ring of evasion]

   It affects your evasion (+8).
 y - an uncursed amulet of regeneration {Regen+}
   (You found it in the Dungeon)
 C - the ring of the Elephant {rCorr Str+4 Int+4}
   (You found it in the Dungeon)

   [ring of resist corrosion]

   It affects your strength (+4).
   It affects your intelligence (+4).
 D - the amulet "Sud Fe Hatt" (around neck) {Faith rC+ Str+9 Int+2}
   (You found it in the Dungeon)

   [amulet of faith]

   It allows you to gain divine favour quickly.
   It affects your strength (+9).
   It affects your intelligence (+2).
   It protects you from cold.
 E - the amulet "Coothrae" {rC+ Regen+ Slay+2}
   (You found it in the Dungeon)

   [amulet of regeneration]

   It affects your accuracy and damage with ranged weapons and melee attacks
   (+2).
   It protects you from cold.
   It increases your rate of regeneration.
 G - the ring "Fokkoqis" (left hand) {rCorr rPois rC+ MR+ Slay+2}
   (You found it in the Dungeon)

   [ring of resist corrosion]

   It affects your accuracy and damage with ranged weapons and melee attacks
   (+2).
   It protects you from cold.
   It protects you from poison.
   It affects your resistance to hostile enchantments.
 J - an uncursed ring of fire {rF+ rC-}
   (You found it in the Dungeon)
 K - the ring "Bimaenir" (right hand) {Wiz rF+ Str+8}
   (You found it in the Dungeon)

   [ring of wizardry]

   It improves your spell success rate.
   It affects your strength (+8).
   It protects you from fire.
 P - an uncursed ring of protection from magic {MR+}
   (You took it off a red draconian in the Dungeon)
Wands
 e - a wand of disintegration (7)
   (You found it in the Dungeon)
 p - a wand of iceblast (7)
   (You found it in the Dungeon)
 v - a wand of acid (7)
   (You found it in the Dungeon)
Scrolls
 b - 4 scrolls of blinking
 f - 7 scrolls of fog
 g - 5 scrolls of remove curse
 h - 2 scrolls of fear
 o - 4 scrolls of amnesia
 r - 5 scrolls of identify
 z - a scroll of brand weapon
Books
 F - a manual of Shields
   (You found it in the Dungeon)
Miscellaneous
 x - a lamp of fire
   (You found it in the Dungeon)
 A - 6 phantom mirrors You escaped. You worshipped Makhleb. Makhleb was exalted by your worship. You were not hungry. You visited 1 branch

Dungeon Overview and Level Annotations

Branches:
Dungeon (1/1)

Altars:
Ashenzari
Cheibriados
Dithmenos
Elyvilon
Fedhas
Gozag
Hepliaklqana
Kikubaaqudgha
Makhleb
Nemelex Xobeh
Okawaru
Qazlal
Ru
Sif Muna
Trog
Uskayaw
Vehumet
Wu Jian
Xom
Yredelemnul
Zin
The Shining One
Beogh
Jiyva
Lugonu

............▓..▓.......▓..▓...8©8
............▓. ▓▓.....▓▓▓.▓..=[")
...)).))....▓..▓.......▓..▓..|).)
...))))†....▓.............▓......
....))......▓......©......▓......
.....)......▓▓▓▓▓▓▓▓▓▓▓▓▓▓▓......
▓.......▓...▓8888888888888▓......
▓▓.....▓▓▓..▓8...........8▓..▓...
▓.......▓...▓8..@§....©..8▓.▓....
............▓8...........8▓....©.
....©.......▓8888888888888▓▓▓▓▓▓▓
▓▓▓▓▓▓▓▓▓▓▓▓▓▓▓▓▓▓▓▓▓▓▓▓▓▓▓▓▓▓▓▓▓
.....8©8........▓........8©8.....
[|)..)|}...[)|).▓.:|.)):==:.[.}|.
?)))|[|=}}[})}|.▓..|=.))..)[[..::
)[}="}))).)).)[.▓.)}[.[).:[..}:.}
................▓........|:}.....


There were no monsters in sight!

Notes
Turn   | Place    | Note
-------+----------+-------------------------------------------
     0 | D        | Found the +6 Majin-Bo {vamp, Archmagi MP+6 Int+6}
     0 | D        | theanonym the Mummy Fighter began the quest for the Orb.
     0 | D        | Reached XP level 1. HP: 18/18 MP: 1/1
     0 | D        | Found a deep blue altar of Sif Muna.
     0 | D        | Found a sacrificial altar of Ru.
     0 | D        | Found a bloodstained altar of Trog.
     0 | D        | Found a stormy altar of Qazlal.
     0 | D        | Found an iron altar of Okawaru.
     0 | D        | Found a sparkling altar of Nemelex Xobeh.
     0 | D        | Found a blossoming altar of Fedhas.
     1 | D        | Found a transporter.
     1 | D        | Found an ancient bone altar of Kikubaaqudgha.
     1 | D        | Found a viscous altar of Jiyva.
     1 | D        | Found a corrupted altar of Lugonu.
     1 | D        | Found a hazy altar of Hepliaklqana.
     1 | D        | Found a burning altar of Makhleb.
     1 | D        | Found an opulent altar of Gozag.
    17 | D        | Found the +9 heavy crossbow "Sniper" {velocity, Acc+∞ SInv}
    17 | D        | Found the +10 dark maul {crush}
    17 | D        | Found the +15 Maxwell's patent armour {-Cast -Tele rElec MR+ rCorr}
    17 | D        | Found the +18 shield of the Gong {rElec rN+ MR+ EV-5}
    17 | D        | Found the cursed +14 obsidian axe {chop, +Fly SInv *Curse}
    18 | D        | Found the +6 shillelagh "Devastator" {shatter}
    18 | D        | Found the +11 plutonium sword {*Contam Stlth-}
    18 | D        | Found the +8 lance "Wyrmbane" {slay drac, rPois rF+ rC+ AC+3}
    18 | D        | Found the +9 sword of Zonguldrok {reap}
    18 | D        | Found the cursed +13 scythe of Curses {drain, *Curse}
    18 | D        | Found the +0 sword of Power
    18 | D        | Found the +14 mace of Variability {chaos}
    18 | D        | Found the +7 Singing Sword
    18 | D        | Found the +7 longbow "Piercer" {penet, EV-2}
    64 | D        | Became a worshipper of Makhleb the Destroyer
    73 | D        | Entered arena 2.
    73 | D        | Noticed a water moccasin
    73 | D        | Found a transporter.
    74 | D        | Found the +8 orange crystal plate armour {Archmagi, Int+3 Clar}
    77 | D        | Killed a water moccasin
    77 | D        | Reached skill level 5 in Fighting
    77 | D        | Reached skill level 4 in Axes
    77 | D        | Reached skill level 3 in Armour
    77 | D        | Reached skill level 3 in Shields
    77 | D        | Reached XP level 2. HP: 28/28 MP: 2/2
    77 | D        | Reached XP level 3. HP: 34/34 MP: 3/3
    77 | D        | Reached XP level 4. HP: 40/40 MP: 4/4
    79 | D        | Reached skill level 6 in Fighting
    87 | D        | Entered arena 3.
    87 | D        | Found a transporter.
    88 | D        | Found the ring of Phasing {EV+8}
    90 | D        | Reached * piety under Makhleb
    92 | D        | Reached skill level 4 in Armour
    92 | D        | Reached skill level 4 in Shields
    93 | D        | Reached skill level 5 in Axes
    93 | D        | Reached XP level 5. HP: 47/47 MP: 5/5
   102 | D        | Entered arena 4.
   102 | D        | Noticed Sigmund
   102 | D        | Noticed Jessica
   102 | D        | Noticed Blork the orc
   102 | D        | Noticed Crazy Yiuf
   102 | D        | Found a transporter.
   104 | D        | Killed Crazy Yiuf
   104 | D        | Reached ** piety under Makhleb
   104 | D        | Reached skill level 7 in Fighting
   104 | D        | Killed Jessica
   106 | D        | Killed Blork the orc
   106 | D        | Reached skill level 6 in Axes
   109 | D        | Killed Sigmund
   109 | D        | Reached skill level 8 in Fighting
   109 | D        | Reached skill level 5 in Armour
   109 | D        | Reached skill level 5 in Shields
   109 | D        | Reached XP level 6. HP: 57/57 MP: 6/6
   115 | D        | Entered arena 5.
   115 | D        | Noticed a floating eye
   115 | D        | Noticed a golden eye
   115 | D        | Noticed a golden eye
   115 | D        | Found a transporter.
   117 | D        | Killed a golden eye
   117 | D        | Reached *** piety under Makhleb
   117 | D        | Reached skill level 9 in Fighting
   117 | D        | Reached skill level 7 in Axes
   117 | D        | Killed a golden eye
   117 | D        | Reached XP level 7. HP: 64/64 MP: 7/7
   118 | D        | Reached skill level 10 in Fighting
   118 | D        | Reached skill level 8 in Axes
   118 | D        | Reached skill level 6 in Armour
   118 | D        | Reached skill level 6 in Shields
   124 | D        | Entered arena 6.
   124 | D        | Noticed a tarantella
   124 | D        | Noticed a tarantella
   124 | D        | Noticed a jumping spider
   124 | D        | Found a transporter.
   127 | D        | Reached **** piety under Makhleb
   128 | D        | Killed a tarantella
   128 | D        | Killed a tarantella
   128 | D        | Reached XP level 8. HP: 74/74 MP: 8/8
   129 | D        | Reached skill level 9 in Axes
   130 | D        | Killed a jumping spider
   130 | D        | Reached skill level 11 in Fighting
   136 | D        | Entered arena 7.
   137 | D        | Found a transporter.
   138 | D        | Reached ***** piety under Makhleb
   149 | D        | Entered arena 8.
   150 | D        | Found a transporter.
   152 | D        | Reached skill level 7 in Armour
   152 | D        | Reached skill level 7 in Shields
   156 | D        | Reached ****** piety under Makhleb
   163 | D        | Entered arena 9.
   163 | D        | Noticed a jumping spider
   163 | D        | Noticed a wolf spider
   164 | D        | Found a transporter.
   169 | D        | Reached skill level 10 in Axes
   170 | D        | Reached skill level 12 in Fighting
   170 | D        | Reached XP level 9. HP: 75/82 MP: 9/9
   170 | D        | Killed a wolf spider
   175 | D        | Killed a jumping spider
   185 | D        | Entered arena 10.
   186 | D        | Found a transporter.
   191 | D        | Reached skill level 8 in Armour
   197 | D        | Entered arena 11.
   198 | D        | Found a transporter.
   201 | D        | Reached skill level 8 in Shields
   248 | D        | Entered arena 12.
   248 | D        | Noticed a guardian mummy
   248 | D        | Noticed a death scarab
   248 | D        | Noticed a guardian mummy
   249 | D        | Noticed a mummy priest
   251 | D        | Found a transporter.
   252 | D        | Killed a guardian mummy
   252 | D        | Reached skill level 13 in Fighting
   252 | D        | Reached skill level 11 in Axes
   253 | D        | Killed a death scarab
   255 | D        | Killed a guardian mummy
   255 | D        | Reached XP level 10. HP: 84/92 MP: 10/10
   259 | D        | Killed a mummy priest
   261 | D        | Reached skill level 14 in Fighting
   270 | D        | Entered arena 13.
   270 | D        | Noticed an eye of devastation
   270 | D        | Noticed a death ooze
   271 | D        | Found the +0 mask of the Dragon {MR+ Slay+3 SInv}
   271 | D        | Noticed an azure jelly
   271 | D        | Noticed a death ooze
   272 | D        | Found a transporter.
   273 | D        | Paralysed by a floating eye for 2 turns
   275 | D        | Reached skill level 12 in Axes
   279 | D        | Killed a death ooze
   279 | D        | Reached skill level 9 in Armour
   279 | D        | Reached skill level 9 in Shields
   280 | D        | Killed an eye of devastation
   280 | D        | Killed an azure jelly
   280 | D        | Killed a death ooze
   280 | D        | Reached skill level 15 in Fighting
   296 | D        | Entered arena 14.
   297 | D        | Noticed a large abomination
   298 | D        | Noticed a bone dragon
   298 | D        | Noticed a thrashing horror
   298 | D        | Noticed a starcursed mass
   298 | D        | Noticed a tentacled starspawn
   299 | D        | Found a transporter.
   303 | D        | Killed a large abomination
   303 | D        | Reached skill level 13 in Axes
   303 | D        | Reached XP level 11. HP: 102/102 MP: 11/11
   304 | D        | Killed a thrashing horror
   306 | D        | Reached skill level 10 in Shields
   312 | D        | Killed a starcursed mass
   313 | D        | Killed a tentacled starspawn
   313 | D        | Reached skill level 16 in Fighting
   313 | D        | Reached skill level 10 in Armour
   313 | D        | Killed a bone dragon
   313 | D        | Reached skill level 14 in Axes
   318 | D        | Killed a starcursed mass
   318 | D        | Noticed a sixfirhy
   326 | D        | Entered arena 15.
   327 | D        | Noticed a catoblepas
   328 | D        | Found the +2 robe of Vines {NoPotionHeal Regen+7}
   329 | D        | Found a transporter.
   346 | D        | Killed a catoblepas
   381 | D        | Entered arena 16.
   382 | D        | Noticed a soul eater
   383 | D        | Noticed a soul eater
   383 | D        | Noticed a soul eater
   385 | D        | Found a transporter.
   390 | D        | Killed a soul eater
   390 | D        | Reached skill level 17 in Fighting
   390 | D        | Reached skill level 11 in Shields
   394 | D        | Killed a soul eater
   394 | D        | Reached skill level 11 in Armour
   394 | D        | Reached XP level 12. HP: 114/114 MP: 12/12
   402 | D        | Got the ring of the Elephant {rCorr Str+4 Int+4}
   407 | D        | Entered arena 17.
   410 | D        | Noticed a death ooze
   410 | D        | Noticed a great orb of eyes
   410 | D        | Noticed an azure jelly
   411 | D        | Noticed a death ooze
   412 | D        | Found the +7 great mace "Firestarter" {inner flame, rF++}
   412 | D        | Found a transporter.
   418 | D        | Killed a great orb of eyes
   421 | D        | Killed an azure jelly
   421 | D        | Reached skill level 15 in Axes
   422 | D        | Killed a death ooze
   424 | D        | Killed a death ooze
   424 | D        | Reached skill level 18 in Fighting
   430 | D        | Got the amulet "Sud Fe Hatt" {Faith rC+ Str+9 Int+2}
   435 | D        | Entered arena 18.
   435 | D        | Noticed a vampire knight
   438 | D        | Noticed a lich
   438 | D        | HP: 47/116 [vampire knight/the +10 mace of Domination {flame, rElec Int+2 Dex+5} (20)]
   441 | D        | Noticed a vampire mage
   441 | D        | Killed a vampire knight
   442 | D        | Noticed a vampire knight
   444 | D        | Noticed a vampire knight
   449 | D        | Killed a lich
   450 | D        | Reached skill level 12 in Shields
   451 | D        | Reached skill level 16 in Axes
   454 | D        | Reached skill level 12 in Armour
   462 | D        | HP: 57/118 [vampire knight/battleaxe (5)]
   463 | D        | Noticed a jiangshi
   463 | D        | Killed a vampire knight
   463 | D        | Killed a vampire knight
   463 | D        | Reached skill level 19 in Fighting
   463 | D        | Gained mutation: You are in touch with the powers of death. [Mummy growth]
   463 | D        | Reached XP level 13. HP: 98/125 MP: 13/13
   467 | D        | Found a transporter.
   475 | D        | Entered arena 19.
   478 | D        | Noticed a blizzard demon
   478 | D        | Noticed a frost giant
   478 | D        | Noticed a blizzard demon
   478 | D        | Noticed a frost giant
   479 | D        | Noticed a blizzard demon
   479 | D        | Noticed a frost giant
   480 | D        | Found a transporter.
   484 | D        | Killed a frost giant
   488 | D        | Killed a blizzard demon
   490 | D        | Killed a frost giant
   492 | D        | Reached skill level 17 in Axes
   493 | D        | Killed a frost giant
   494 | D        | Killed a blizzard demon
   494 | D        | Reached skill level 20 in Fighting
   497 | D        | Killed a blizzard demon
   506 | D        | Got the amulet "Coothrae" {rC+ Regen+ Slay+2}
   555 | D        | Entered arena 20.
   560 | D        | Noticed an iron giant
   561 | D        | Noticed a reaper
   561 | D        | Noticed a reaper
   562 | D        | Found a transporter.
   565 | D        | Reached skill level 13 in Shields
   568 | D        | Reached skill level 13 in Armour
   575 | D        | HP: 40/127 [iron giant/giant spiked club (24)]
   576 | D        | Killed a reaper
   580 | D        | Killed an iron giant
   583 | D        | HP: 35/129 [reaper/scythe of protection (37)]
   583 | D        | Killed a reaper
   847 | D        | Entered arena 21.
   847 | D        | Noticed a vampire knight
   847 | D        | Noticed a vampire knight
   849 | D        | Killed a vampire knight
   852 | D        | Noticed a vampire knight
   854 | D        | Noticed a ghoul
   855 | D        | Noticed a lich
   855 | D        | Noticed an ancient lich
   856 | D        | Noticed a ghoul
   858 | D        | Killed a vampire knight
   858 | D        | Reached skill level 21 in Fighting
   858 | D        | Reached skill level 18 in Axes
   859 | D        | Noticed a vampire knight
   863 | D        | Noticed a ghoul
   872 | D        | Killed a ghoul
   872 | D        | Reached skill level 14 in Shields
   874 | D        | Killed an ancient lich
   874 | D        | Reached skill level 22 in Fighting
   874 | D        | Reached skill level 14 in Armour
   874 | D        | Reached skill level 15 in Shields
   874 | D        | Reached XP level 14. HP: 131/140 MP: 14/14
   874 | D        | Killed a ghoul
   877 | D        | Killed a lich
   879 | D        | Reached skill level 1 in Dodging
   880 | D        | Killed a ghoul
   882 | D        | Reached skill level 2 in Dodging
   885 | D        | Reached skill level 23 in Fighting
   886 | D        | Killed a vampire knight
   886 | D        | Reached skill level 15 in Armour
   886 | D        | Reached skill level 3 in Dodging
   890 | D        | Killed a vampire knight
   896 | D        | Found a transporter.
   904 | D        | Got the ring "Fokkoqis" {rCorr rPois rC+ MR+ Slay+2}
   918 | D        | Entered arena 22.
   922 | D        | Noticed a nagaraja
   923 | D        | Found the +5 demon whip "Spellbinder" {antimagic, MR+}
   923 | D        | Noticed a nagaraja
   923 | D        | Noticed a nagaraja
   923 | D        | Noticed a nagaraja
   923 | D        | Noticed a nagaraja
   924 | D        | Noticed a nagaraja
   929 | D        | Reached skill level 4 in Dodging
   939 | D        | Killed a nagaraja
   940 | D        | Killed a nagaraja
   940 | D        | Reached skill level 5 in Dodging
   941 | D        | Killed a nagaraja
   941 | D        | Killed a nagaraja
   941 | D        | Killed a nagaraja
   941 | D        | Reached skill level 24 in Fighting
   941 | D        | Reached skill level 6 in Dodging
   943 | D        | Killed a nagaraja
   953 | D        | Found a transporter.
   990 | D        | Entered arena 23.
   996 | D        | Noticed a ghoul
   997 | D        | Reached skill level 7 in Dodging
   998 | D        | Noticed a lich
   998 | D        | Noticed a ghoul
   999 | D        | Noticed a ghoul
  1000 | D        | Noticed a vampire knight
  1000 | D        | Noticed a vampire knight
  1000 | D        | Noticed a vampire knight
  1008 | D        | Killed a ghoul
  1008 | D        | Reached skill level 16 in Armour
  1008 | D        | Reached XP level 15. HP: 153/153 MP: 15/15
  1013 | D        | Reached skill level 8 in Dodging
  1015 | D        | Reached skill level 25 in Fighting
  1018 | D        | Noticed a Hell Sentinel
  1018 | D        | Killed a lich
  1021 | D        | Reached skill level 9 in Dodging
  1038 | D        | Found a transporter.
  1059 | D        | Entered arena 24.
  1065 | D        | Noticed a ghost moth
  1065 | D        | Noticed a ghost moth
  1066 | D        | Noticed a ghost moth
  1067 | D        | Found the +8 longbow "Zephyr" {speed, Dex+3 SInv}
  1074 | D        | Reached skill level 17 in Armour
  1078 | D        | Killed a ghost moth
  1078 | D        | Reached skill level 26 in Fighting
  1078 | D        | Reached skill level 10 in Dodging
  1081 | D        | Killed a ghost moth
  1086 | D        | Killed a ghost moth
  1089 | D        | Reached skill level 11 in Dodging
  1093 | D        | Found a transporter.
  1106 | D        | Got the ring "Bimaenir" {Wiz rF+ Str+8}
  1118 | D        | Entered arena 25.
  1125 | D        | Noticed an acid blob
  1125 | D        | Noticed an azure jelly
  1125 | D        | Noticed an azure jelly
  1125 | D        | Noticed an azure jelly
  1125 | D        | Noticed an azure jelly
  1125 | D        | Noticed an acid blob
  1125 | D        | Noticed an azure jelly
  1126 | D        | Found the +7 Spriggan's Knife {MR+ EV+4 Dex+4 Stlth+}
  1127 | D        | Noticed an azure jelly
  1130 | D        | Killed an azure jelly
  1130 | D        | Reached skill level 27 in Fighting
  1131 | D        | Killed an azure jelly
  1132 | D        | Killed an azure jelly
  1132 | D        | Reached skill level 18 in Armour
  1135 | D        | Killed an acid blob
  1135 | D        | Reached skill level 12 in Dodging
  1135 | D        | Killed an azure jelly
  1136 | D        | Killed an acid blob
  1136 | D        | Reached skill level 19 in Axes
  1138 | D        | Killed an azure jelly
  1138 | D        | Reached XP level 16. HP: 167/167 MP: 0/16
  1140 | D        | Reached skill level 13 in Dodging
  1143 | D        | Reached skill level 20 in Axes
  1144 | D        | Reached skill level 19 in Armour
  1146 | D        | Paralysed by a floating eye for 3 turns
  1155 | D        | Reached skill level 14 in Dodging
  1157 | D        | Found a transporter.
  1187 | D        | Entered arena 26.
  1196 | D        | Noticed a lich
  1208 | D        | Killed a lich
  1214 | D        | Reached skill level 15 in Dodging
  1217 | D        | Reached skill level 21 in Axes
  1228 | D        | Reached skill level 16 in Dodging
  1230 | D        | Reached skill level 20 in Armour
  1242 | D        | Found a transporter.
  1253 | D        | Entered arena 27.
  1261 | D        | Noticed a lich
  1261 | D        | Noticed a lich
  1263 | D        | Noticed a lich
  1263 | D        | Noticed a lich
  1263 | D        | Noticed a lich
  1263 | D        | Noticed a lich
  1264 | D        | Noticed an ancient lich
  1269 | D        | Killed a lich
  1269 | D        | Reached skill level 17 in Dodging
  1278 | D        | Killed a lich
  1279 | D        | Killed a lich
  1279 | D        | Reached skill level 18 in Dodging
  1282 | D        | Killed a lich
  1282 | D        | Killed a lich
  1282 | D        | Reached skill level 22 in Axes
  1282 | D        | HP: 72/167 [soul eater collision (49)]
  1284 | D        | Killed an ancient lich
  1284 | D        | Reached skill level 21 in Armour
  1284 | D        | Reached skill level 19 in Dodging
  1285 | D        | Killed a lich
  1285 | D        | Reached XP level 17. HP: 116/174 MP: 17/17
  1296 | D        | Reached skill level 20 in Dodging
  1318 | D        | Reached skill level 23 in Axes
  1324 | D        | Reached skill level 22 in Armour
  1327 | D        | Found a transporter.
  1369 | D        | Entered arena 28.
  1392 | D        | Reached skill level 21 in Dodging
  1405 | D        | Reached skill level 24 in Axes
  1405 | D        | Reached skill level 23 in Armour
  1411 | D        | HP: 85/174 [red draconian stormcaller/long sword (7)]
  1419 | D        | HP: 83/174 [yellow draconian stormcaller/divine providence (14)]
  1423 | D        | Reached skill level 22 in Dodging
  1430 | D        | Reached XP level 18. HP: 182/182 MP: 18/18
  1432 | D        | Reached skill level 24 in Armour
  1435 | D        | Reached skill level 25 in Axes
  1446 | D        | Reached skill level 23 in Dodging
  1476 | D        | Found a transporter.
  1491 | D        | Got the Orb of Zot
  1496 | D        | Escaped with the Orb!

Vanquished Creatures
  2 ancient liches (D)
  An iron giant (D)
  10 liches (D)
  2 acid blobs (D)
  A tentacled starspawn (D)
  A draconian monk (D)
  2 nagarajas (D)
  6 azure jellies (D)
  3 frost giants (D)
  2 draconian knights (D)
  An emperor scorpion (D)
  4 draconian scorchers (D)
  2 balrugs (D)
  3 ghost moths (D)
  5 draconian stormcallers (D)
  2 draconian shifters (D)
  9 ghouls (D)
  2 draconian annihilators (D)
  2 reapers (D)
  10 green draconians (D)
  An entropy weaver (D)
  21 vampire knights (D)
  8 white draconians (D)
  4 purple draconians (D)
  5 yellow draconians (D)
  5 red draconians (D)
  8 black draconians (D)
  A blizzard demon (D)
  5 death oozes (D)
  3 great orbs of eyes (D)
  3 naga warriors (D)
  2 anacondas (D)
  12 vampire magi (D)
  A thrashing horror (D)
  2 hell hogs (D)
  3 soul eaters (D)
  An iron golem (D)
  8 skeletal warriors (D)
  2 glowing orange brains (D)
  A large abomination (D)
  13 necromancers (D)
  A phantasmal warrior (D)
  3 shining eyes (D)
  5 wolf spiders (D)
  A black mamba (D)
  A guardian serpent (D)
  2 rust devils (D)
  5 eyes of devastation (D)
  A spiny frog (D)
  3 freezing wraiths (D)
  A rime drake (D)
  2 demonic crawlers (D)
  4 tormentors (D)
  4 starcursed masses (D)
  2 ice devils (D)
  A red devil (D)
  4 hornets (D)
  A polar bear (D)
  2 jumping spiders (D)
  10 slime creatures (D)
  5 tarantellas (D)
  4 redbacks (D)
  12 shadows (D)
  3 flying skulls (D)
  7 wraiths (D)
  A yak (D)
  7 vampires (D)
  2 golden eyes (D)
  A small abomination (D)
  A hell hound (D)
  6 water moccasins (D)
  2 porcupines (D)
  A floating eye (D)
  An eye of draining (D)
  2 ice beasts (D)
  3 orc warriors (D)
  5 necrophages (D)
  A crocodile (D)
  A bullfrog (D)
  Blork the orc (D)
  3 scorpions (D)
  9 wights (D)
  A crimson imp (D)
  2 quasits (D)
  4 orc priests (D)
  Crazy Yiuf (D)
  8 jellies (D)
  3 orc wizards (D)
  An iron imp (D)
  An iguana (D)
  4 mummies (D)
  4 adders (D)
  A river rat (D)
  2 white imps (D)
  An ufetubus (D)
  2 oozes (D)
  A spectral adder (D)
  8 adder zombies (D)
  5 adder skeletons (D)
  An adder simulacrum (D)
  A spectral bat (D)
  2 bat simulacra (D)
  6 bat skeletons (D)
  9 bat zombies (D)
  2 jackals (D)
  A ball python (D)
  3 giant cockroach zombies (D)
  2 jackal skeletons (D)
  4 jackal zombies (D)
  2 leopard gecko skeletons (D)
  A leopard gecko zombie (D)
  A quokka simulacrum (D)
  A quokka skeleton (D)
  A spectral ball python (D)
396 creatures vanquished.

Vanquished Creatures (collateral kills)
  A bone dragon (D)
  4 nagarajas (D)
  2 azure jellies (D)
  A draconian monk (D)
  A balrug (D)
  An emperor scorpion (D)
  A ghoul (D)
  2 reapers (D)
  2 yellow draconians (D)
  A green draconian (D)
  A mummy priest (D)
  2 blizzard demons (D)
  A death ooze (D)
  4 great orbs of eyes (D)
  A catoblepas (D)
  2 naga warriors (D)
  A death scarab (D)
  A hell knight (D)
  A skeletal warrior (D)
  2 orb spiders (D)
  3 wolf spiders (D)
  A moth of wrath (D)
  2 guardian serpents (D)
  2 naga magi (D)
  A hellion (D)
  2 guardian mummies (D)
  A rime drake (D)
  5 jumping spiders (D)
  A red devil (D)
  2 hornets (D)
  4 slime creatures (D)
  2 tarantellas (D)
  Sigmund (D)
  3 shadows (D)
  2 vampires (D)
  An ushabti (D)
  3 redbacks (D)
  A golden eye (D)
  A wraith (D)
  A yak (D)
  A large abomination (D)
  3 nagas (D)
  4 water moccasins (D)
  2 floating eyes (D)
  2 orc warriors (D)
  3 porcupines (D)
  A wolf (D)
  A crocodile (D)
  2 scorpions (D)
  A wight (D)
  2 crimson imps (D)
  2 starcursed masses (D)
  6 jellies (D)
  An iron imp (D)
  An orc wizard (D)
  Jessica (D)
  An iguana (D)
  2 mummies (D)
  A river rat (D)
  4 adder zombies (D)
  An adder skeleton (D)
  4 orcs (D)
  2 ball pythons (D)
  A bat skeleton (D)
  4 bat zombies (D)
  A jackal (D)
  A giant cockroach zombie (D)
  A jackal skeleton (D)
  A jackal zombie (D)
  A spectral leopard gecko (D)
  A starspawn tentacle (D)
130 creatures vanquished.

Vanquished Creatures (others)
  A draconian knight (D)
  A flying skull (D)
  A wraith (D)
  3 starspawn tentacles (D)
6 creatures vanquished.

Grand Total: 532 creatures vanquished

Table legend:
 A = Turns spent in this place as a percentage of turns spent in the entire game.
 B = Non-inter-level travel turns spent in this place as a percentage of non-inter-level travel turns spent in the entire game.
 C = Inter-level travel turns spent in this place as a percentage of turns spent in this place.
 D = Turns resting spent in this place as a percentage of non-inter-level travel turns spent in this place.
 E = Turns spent auto-exploring this place as a percentage of non-inter-level travel turns spent in this place.
 F = Non-inter-level travel turns spent in this place divided by the number of levels of this place that you've seen.
                   A       B       C       D       E      F
               +-------+-------+-------+-------+-------+----------------------
         Total | 100.0 | 100.0 |   0.0 |  24.6 |   1.3 | 1496.0
       Dungeon | 100.0 | 100.0 |   0.0 |  24.6 |   1.3 | 1496.0
               +-------+-------+-------+-------+-------+----------------------
